 Dungeon Crawl Stone Soup version 0.30.0-29-ga12c61a403 (webtiles) character file.

Game seed: 11609037955717373028

7104 Peloso the Carver (level 10, -11/91 HPs)
             Began as a Minotaur Fighter on June 25, 2023.
             Was a Believer of Okawaru.
             Mangled by a killer bee (12 damage)
             ... on level 8 of the Dungeon.
             The game lasted 00:18:11 (11416 turns).

Peloso the Carver (Minotaur Fighter)               Turns: 11416, Time: 00:18:11

Health: -11/91     AC: 19    Str: 24    XL:     10   Next: 84%
Magic:  9/9        EV:  8    Int:  5    God:    Okawaru [**....]
Gold:   604        SH:  6    Dex: 11    Spells: 9/9 levels left

rFire   . . .        a - +1 long sword (flame)
rCold   . . .        d - +0 buckler
rNeg    . . .        B - +0 plate armour
rPois   .            (helmet restricted)
rElec   .            F - +2 cloak
rCorr   .            (no gloves)
SInv    .            y - +0 pair of boots
Will    +....        (no amulet) Stlth
                     w - ring of willpower
HPRegen 0.35/turn    (no ring)
MPRegen 0.11/turn

%: no passive effects
@: lethally poisoned (-11 -> -36)
A: horns 2, retaliatory headbutt
a: Renounce Religion, Heroism


You were on level 8 of the Dungeon.
You worshipped Okawaru.
Okawaru was pleased with you.
You visited 2 branches of the dungeon, and saw 9 of its levels.
You also visited: Sewer.

You collected 604 gold pieces.

Inventory:

Hand Weapons
 a - a +1 long sword of flaming (weapon)
Missiles
 m - a throwing net (quivered)
Armour
 b - a +0 chain mail
 d - a +0 buckler (worn)
 y - a +0 pair of boots (worn)
 B - a +0 plate armour (worn)
 F - a +2 cloak (worn)
Jewellery
 g - a ring of fire
 l - an amulet of guardian spirit
 u - a ring of fire
 w - a ring of willpower (left hand)
Wands
 i - a wand of iceblast (9)
 q - a wand of acid (7)
 s - a wand of charming (12)
 x - a wand of mindburst (19)
 D - a wand of flame (33)
Scrolls
 c - a scroll of silence
 e - 2 scrolls of enchant armour
 j - a scroll of teleportation
 n - 2 scrolls of poison
 p - 3 scrolls of noise
 E - a scroll of enchant weapon
 G - a scroll of identify
 I - a scroll of amnesia
Potions
 f - 3 potions of might
 h - 3 potions of degeneration
 k - a potion of invisibility
 o - 2 potions of haste
 r - a potion of berserk rage
 t - a potion of resistance
 v - a potion of magic
 z - 5 potions of heal wounds
 A - 4 potions of curing
 C - 2 potions of brilliance
 H - a potion of mutation


   Skills:
 + Level 9.5 Fighting
 + Level 11.9 Long Blades
 + Level 10.7 Armour
 + Level 3.3 Dodging
 + Level 2.0 Stealth
 + Level 8.7 Shields


You had 9 spell levels left.
You didn't know any spells.
Your spell library contained the following spells:

 Spells                   Type           Power      Damage    Failure   Level
 Magic Dart               Conj           0%         1d3       100%        1
 Cigotuvi's Dreadful Rot  Necr/Pois/Air  0%         N/A       100%        2
 Searing Ray              Conj           0%         2d4       100%        2
 Sublimation of Blood     Necr           0%         N/A       100%        2
 Gell's Gravitas          Tloc           0%         N/A       100%        3
 Ignite Poison            Fire/Tmut/Pois 0%         N/A       100%        3
 Teleport Other           Tloc           0%         N/A       100%        3
 Fulminant Prism          Conj/Hex       0%         3d5       100%        4
 Petrify                  Tmut/Erth      0%         N/A       100%        4
 Freezing Cloud           Conj/Ice/Air   0%         6-21      100%        5
 Irradiate                Conj/Tmut      0%         3d11      100%        5
 Dispersal                Tloc           0%         N/A       100%        6
 Chain Lightning          Conj/Air       0%         N/A       100%        9
 Fire Storm               Conj/Fire      0%         5d1       100%        9
 Shatter                  Erth           0%         3d5*      100%        9


Dungeon Overview and Level Annotations

Branches:
Dungeon (8/15)             Temple (1/1) D:7            Lair (0/5) D:8
  Sewer (visited)

Altars:
Elyvilon
Fedhas
Hepliaklqana
Makhleb
Okawaru
Ru
Trog
Uskayaw
Vehumet
Wu Jian
Xom
Zin
The Shining One

Annotations:
D:2 1 runed translucent door, Crazy Yiuf


Innate Abilities, Weirdness & Mutations

You have a pair of horns on your head.
You reflexively headbutt those who attack you in melee.


Message History

You feel very sick. The killer bee closely misses you. You furiously retaliate!
You headbutt the killer bee! The killer bee completely misses you.
You block the killer bee's attack. The killer bee stings you.
The killer bee misses you. The queen bee stings you.
* * * LOW HITPOINT WARNING * * *
You are more poisoned.
The queen bee poisons you!
You slash the queen bee! You burn the queen bee.
The queen bee is moderately wounded.
* * * LOW HITPOINT WARNING * * *
You feel very sick. The killer bee barely misses you. You furiously retaliate!
You headbutt the killer bee! You block the killer bee's attack.
The killer bee stings you but does no damage.
You block the killer bee's attack.
The killer bee stings you but does no damage.
You closely miss the queen bee. Your headbutt misses the queen bee.
The queen bee is moderately wounded.
* * * LOW HITPOINT WARNING * * *
You feel very sick.
The killer bee stings you but does no damage.
The killer bee barely misses you.
The killer bee stings you but does no damage. x2
The queen bee stings you.
* * * LOW HITPOINT WARNING * * *
You are more poisoned.
The queen bee poisons you!
The killer bee stings you but does no damage.
The killer bee stings you!
* * * LOW HITPOINT WARNING * * *
Okay, then.
As you read the scroll labelled GITITA VOYTEU, it crumbles to dust.
It is a scroll of amnesia.
You feel forgetful for a moment.
* * * LOW HITPOINT WARNING * * *
You feel extremely sick. The killer bee barely misses you.
You block the killer bee's attack. The killer bee stings you!
You die...

##.≈..._.≈.≈..............
#.≈.≈...≈.≈......##......
#.≈.≈≈≈≈≈.≈..............
#.≈.......≈.............#
#.≈≈≈≈≈≈≈≈≈....##########
#..............#


PPPPP #######........# ..... #..y###...#.y.... ##.@yy....#.PPPPP
###y..#..'!..... ###.#..y.y.... #....##.PPPPP ##..## y.y.. #### .... PPP ## You
could see a queen bee and 3 killer bees.

Vanquished Creatures
  A centaur skeleton (D:7)
  2 centaur zombies (D:7)
  A hornet (D:8)
  2 hellwings
  A harpy skeleton (D:7)
  Sigmund (D:3)
  5 yaks
  4 steam dragons
  Menkaure (D:4)
  A water moccasin (D:8)
  An orc warrior (D:7)
  7 ice beasts
  2 centaurs
  2 ogres
  A kobold brigand (Sewer)
  Blork the orc (D:4)
  3 bullfrogs
  A gnoll sergeant (D:8)
  6 scorpions
  8 wights (D:8)
  10 killer bees
  A hound (D:7)
  2 jellies
  4 orc priests
  A sleepcap (D:7)
  Jessica (D:2)
  Ijyb (D:3)
  4 iguanas
  Natasha (twice) (D:4)
  9 orc wizards
  2 boggart skeletons (D:7)
  Robin (D:3)
  11 adders
  7 gnolls
  A river rat (D:6)
  4 shadow imps (D:7)
  A white imp (D:7)
  2 ufetubi (D:5)
  2 worms
  3 dart slugs
  32 orcs
  7 endoplasms
  7 giant cockroaches
  8 goblins
  12 hobgoblins
  6 jackals (D:1)
  5 quokkas
  9 ball pythons
  17 bats
  10 frilled lizards
  19 kobolds
  12 rats
264 creatures vanquished.

Notes
Turn   | Place    | Note
-------+----------+-------------------------------------------
     0 | D:1      | Peloso the Minotaur Fighter began the quest for the Orb.
     0 | D:1      | Reached XP level 1. HP: 19/19 MP: 0/0
    40 | D:1      | Reached XP level 2. HP: 25/27 MP: 1/1
   221 | D:1      | Found a faded altar of an unknown god.
   556 | D:1      | Reached XP level 3. HP: 33/33 MP: 2/2
   951 | D:2      | Found an ornate altar of the Wu Jian Council.
  1054 | D:2      | Noticed Jessica
  1060 | D:2      | Killed Jessica
  1061 | D:2      | Reached skill level 3 in Long Blades
  1148 | D:2      | Reached XP level 4. HP: 40/40 MP: 3/3
  1399 | D:2      | Found a runed translucent door.
  1400 | D:2      | Noticed Crazy Yiuf
  2036 | D:3      | Found a burning altar of Makhleb.
  2068 | D:3      | Reached skill level 4 in Long Blades
  2068 | D:3      | Reached XP level 5. HP: 47/47 MP: 4/4
  2069 | D:3      | Reached skill level 1 in Dodging
  2193 | D:3      | Noticed Sigmund
  2207 | D:3      | Killed Sigmund
  2208 | D:3      | Reached skill level 5 in Long Blades
  2208 | D:3      | Reached skill level 5 in Armour
  2208 | D:3      | Reached XP level 6. HP: 38/55 MP: 5/5
  2357 | D:3      | Noticed Ijyb
  2366 | D:3      | Killed Ijyb
  2386 | D:3      | Noticed Robin
  2394 | D:3      | Killed Robin
  2395 | D:3      | Reached skill level 5 in Fighting
  2738 | D:3      | Found a bloodstained altar of Trog.
  3088 | D:4      | Noticed Menkaure
  3098 | D:4      | Killed Menkaure
  3270 | D:3      | Reached XP level 7. HP: 56/61 MP: 6/6
  3437 | D:4      | Noticed Natasha
  3445 | D:4      | Killed Natasha
  3692 | D:4      | Noticed Natasha
  3698 | D:4      | Killed Natasha
  3780 | D:4      | Reached skill level 6 in Long Blades
  3999 | D:4      | Noticed Blork the orc
  4042 | D:5      | Entered Level 5 of the Dungeon
  4299 | D:4      | Killed Blork the orc
  4894 | D:4      | Reached skill level 7 in Long Blades
  4898 | D:4      | Reached XP level 8. HP: 43/70 MP: 7/7
  5285 | D:5      | Reached skill level 5 in Shields
  5776 | D:5      | Reached skill level 8 in Long Blades
  6632 | D:6      | Reached skill level 1 in Stealth
  6721 | D:6      | Found a glowing drain.
  6725 | Sewer    | Entered a sewer
  7874 | D:6      | Reached XP level 9. HP: 45/79 MP: 8/8
  8091 | D:6      | Reached skill level 9 in Long Blades
  8351 | D:6      | Found a blossoming altar of Fedhas.
  8615 | D:7      | Reached skill level 10 in Long Blades
  8826 | D:7      | Found a shimmering altar of Xom.
  9074 | D:7      | Found a large runed translucent door.
  9074 | D:7      | Found a large runed translucent door.
  9108 | D:7      | Noticed a hellwing
  9279 | D:6      | Killed a hellwing
  9293 | D:7      | Reached XP level 10. HP: 55/88 MP: 9/9
  9646 | D:7      | Found a staircase to the Ecumenical Temple.
  9656 | Temple   | Entered the Ecumenical Temple
  9678 | Temple   | Became a worshipper of Warmaster Okawaru
  9823 | D:7      | Reached skill level 11 in Long Blades
  9980 | D:7      | Reached skill level 10 in Armour
 10354 | D:7      | Reached * piety under Okawaru
 10424 | D:7      | Found a white marble altar of Elyvilon.
 10451 | D:7      | Found a sacrificial altar of Ru.
 10634 | D:8      | Found a radiant altar of Vehumet.
 10823 | D:8      | Paralysed by a hornet for 1 turns
 11266 | D:8      | Found a staircase to the Lair.
 11399 | D:8      | Reached ** piety under Okawaru
 11416 | D:8      | HP: 1/91 [poisoned by a queen bee]
 11416 | D:8      | Mangled by a killer bee

Illustrated notes

Levels and vault maps discovered:
D:1:      roderic_chinese_lattice_arrival, layout_loops_ring,
          basic_ecumenical_altar, serial_forest, infiniplex_forest_fountain,
          infiniplex_forest_straight_3, infiniplex_forest_end_2,
          infiniplex_forest_zigzag_1, infiniplex_forest_end_2,
          infiniplex_forest_clump_medium, infiniplex_forest_straight_3,
          infiniplex_forest_clump_double
D:2:      layout_loops_ring, basic_altar, uniq_jessica, uniq_crazy_yiuf_cottage
D:3:      layout_basic, mainiacjoe_overflow_small_starburst,
          trog_butcher_becter, minivault_14, small_statue_intersection,
          eino_tiny_chamber, glass_columns_b, uniq_robin, uniq_ijyb,
          uniq_sigmund
D:4:      old_forge, layout_layer_cave, dreamdust_mushroom_princess,
          uniq_menkaure, uniq_natasha, uniq_blork_the_orc
D:5:      layout_cave_pods
D:6:      cheibrodos_steamvent, layout_basic, fedhas_altar_2,
          gup_sewer_entry_spiral, nicolae_hexahallways,
          dreamdust_princess_corridor
D:7:      cheibrodos_grave_circle, layout_loops_ring,
          mainiacjoe_overflow_tiny_flanked, jmf_multi_god_temple2,
          minmay_temple_entry_overgrown, minmay_misc_feat_nine_boxes
D:8:      layout_cave_pools, mainiacjoe_overflow_concentric_impassable,
          dpeg_oklobed_lair, nicolae_looking_at_the_future
Temple:   nicolae_temple_bog_church

Skill      XL: |  1  2  3  4  5  6  7  8  9 10 |
---------------+-------------------------------+-----
Armour         | 4 5 6 7 9 10 | 10.7
Fighting       | 4 5 7 8 9 |  9.5
Shields        | 4 6 7 8 |  8.7
Long Blades    | 3 4 5 7 8 10 11 | 11.9
Dodging        | 2 3 |  3.3
Stealth        | 1 2 |  2.0

Action                     |  1- 3 |  4- 6 |  7- 9 | 10-12 || total
---------------------------+-------+-------+-------+-------++-------
  Melee: Long sword        |    81 |   146 |   431 |   238 ||   896
         Headbutt          |     9 |    15 |    80 |    45 ||   149
    Use: Potion            |     1 |     3 |     1 |     1 ||     6
         Scroll            |       |       |    19 |     3 ||    22
 Armour: Scale mail        |    36 |    26 |       |       ||    62
         Chain mail        |       |    43 |    87 |       ||   130
         Plate armour      |       |       |   258 |   158 ||   416
  Dodge: Dodged            |    37 |    56 |   192 |   112 ||   397
  Block: Buckler           |    15 |    41 |   133 |    71 ||   260
